 Dungeon Crawl Stone Soup version 0.29-a0-993-g4a18f31a58 (webtiles) character file.

Game seed: 16517918204367805077

129 ytrimaz the Chopper (level 5, -5/40 (41) HPs)
             Began as a Formicid Fighter on Aug 3, 2022.
             Slain by Crazy Yiuf
             ... wielding a +4 quarterstaff of chaos
              (13 damage)
             ... on level 2 of the Dungeon.
             The game lasted 00:02:03 (2560 turns).

ytrimaz the Chopper (Formicid Fighter)              Turns: 2560, Time: 00:02:04

HP:   -5/40 (41)    AC:  7    Str: 22    XL:     5   Next: 35%
MP:   5/5           EV: 10    Int: 10    God:
Gold: 111           SH:  5    Dex: 13    Spells: 4/4 levels left

rFire   . . .      SeeInvis +   a - +0 war axe
rCold   . . .      Faith    .   c - +0 buckler
rNeg    . . .      Spirit   .   i - +2 ring mail of the Ferocious God {Int+2 SInv}
rPois   .          Reflect  .   (helmet unavailable)
rElec   .          Harm     .   (no cloak)
rCorr   .          Rampage  .   (no gloves)
Will    .....                   (no boots)
Stlth   +.........              (no amulet)
HPRegen 0.13/turn               (no ring)
MPRegen 0.09/turn               (no ring)

@: lightly drained
A: permanent stasis, dig shafts and tunnels, antennae 3, four strong arms
a: Dig, Shaft Self


You were on level 2 of the Dungeon.
You visited 1 branch of the dungeon, and saw 2 of its levels.

You collected 111 gold pieces.

Inventory:

Hand Weapons
 a - a +0 war axe (weapon)
Armour
 b - a +0 scale mail
 c - a +0 buckler (worn)
 i - the +2 ring mail of the Ferocious God (worn) {Int+2 SInv}
   (You found it on level 2 of the Dungeon)

   Int:       It affects your intelligence (+2).
   SInv:      It lets you see invisible.
Scrolls
 h - a scroll of amnesia {unknown}
Potions
 d - a potion of might
 e - 2 potions of resistance
 f - a potion of haste {unknown}
 g - 2 potions of invisibility {unknown}
 j - 3 potions of mutation {unknown}
 k - a potion of attraction {unknown}


   Skills:
 - Level 3.2 Fighting
 + Level 5.1 Axes
 - Level 3.2 Armour
 - Level 4.0 Shields


You had 4 spell levels left.
You didn't know any spells.
Your spell library was empty.

Dungeon Overview and Level Annotations

Branches:
Dungeon (2/15)

Altars:

Annotations:
D:2 Crazy Yiuf


Innate Abilities, Weirdness & Mutations

You cannot be hasted, slowed, berserked, paralysed or teleported.
You can dig through walls and to a lower floor.
You have a pair of large antennae on your head. (SInv)
Your four strong arms can wield two-handed weapons with a shield.


Message History

Unknown command.
No target in view!
Unknown command.
As you read the scroll labelled WEHAANI XEIZU, it crumbles to dust.
A profound silence engulfs you.
It was a scroll of silence.
Unknown command.
Your hearing returns.
Found a whip.
Found a chain mail.
h - a scroll labelled RENUITR LAGOCS
j - a murky blue potion You see here a +0 whip.
Found a hammer.
Found a runed translucent door.
Crazy Yiuf shouts!
You sense a monster nearby.
You see here a +0 chain mail.
You see here a +0 chain mail.
k - a fizzy white potion
j - 3 murky blue potions (gained 2) Crazy Yiuf shouts!
Crazy Yiuf laughs, "Lay!"
Could not explore, unopened runed door.
Could not explore, unopened runed door.
You open the door. You slash Crazy Yiuf!
Crazy Yiuf is severely wounded.
Crazy Yiuf hits you with a +4 quarterstaff of chaos!
You feel drained.
Crazy Yiuf hits you with a +4 quarterstaff of chaos!
Crazy Yiuf freezes you.
* * * LOW HITPOINT WARNING * * *
You closely miss Crazy Yiuf.
Crazy Yiuf is severely wounded.
Crazy Yiuf laughs, "Snower!"
Crazy Yiuf hits you but does no damage.
Unknown command.
You hit Crazy Yiuf.
Crazy Yiuf is severely wounded.
Crazy Yiuf hits you with a +4 quarterstaff of chaos!
You die...

##..# ##...# #..#.#
###### ### ♣♣####
#)..#♣♣ ♣♣.#..#######
#...g@♣♣♣♣............
#...#♣..♣......######.
### ♣♣♣.♣..#.## ##.#
♣♣♣♣♣### #.## #.# ###
#.## #.#########.#
#....[.....#.
##########.##


You could see Crazy Yiuf.

Vanquished Creatures
  Natasha (thrice) (D:2)
  2 adders (D:2)
  A worm (D:2)
  3 endoplasms (D:2)
  A giant cockroach (D:2)
  3 hobgoblins (D:2)
  7 jackals (D:2)
  3 quokkas
  4 ball pythons (D:2)
  2 bats
  5 frilled lizards
  2 goblins
  A kobold (D:2)
37 creatures vanquished.

Notes
Turn   | Place    | Note
-------+----------+-------------------------------------------
     0 | D:1      | ytrimaz the Formicid Fighter began the quest for the Orb.
     0 | D:1      | Reached XP level 1. HP: 18/18 MP: 1/1
   794 | D:1      | Found a faded altar of an unknown god.
   922 | D:2      | Reached XP level 2. HP: 22/24 MP: 2/2
   924 | D:2      | Reached skill level 3 in Axes
   946 | D:2      | Reached XP level 3. HP: 11/29 MP: 3/3
  1227 | D:2      | Identified the +2 ring mail of the Ferocious God {Int+2
                  | SInv}
  1608 | D:2      | Reached skill level 4 in Axes
  1608 | D:2      | Reached XP level 4. HP: 31/35 MP: 4/4
  1722 | D:2      | Noticed Natasha
  1727 | D:2      | Killed Natasha
  1904 | D:2      | Noticed Natasha
  1914 | D:2      | Killed Natasha
  1915 | D:2      | Reached XP level 5. HP: 32/41 MP: 5/5
  2199 | D:2      | Noticed Natasha
  2216 | D:2      | Killed Natasha
  2217 | D:2      | Reached skill level 5 in Axes
  2410 | D:2      | Found a runed translucent door.
  2411 | D:2      | Noticed Crazy Yiuf
  2560 | D:2      | Slain by Crazy Yiuf

Illustrated notes

Levels and vault maps discovered:
D:1:      lightli_arrival_statue_moat, layout_loops_corners,
          hellmonk_ecumenical_altar_heavens_door
D:2:      layout_loops_ring, uniq_natasha, uniq_crazy_yiuf_cottage

Skill      XL: |  1  2  3  4  5 |
---------------+----------------+-----
Axes           | 3 4 5 |  5.1
Fighting       | |  3.2
Armour         | |  3.2
Shields        | |  4.0

Action                   |  1- 3 |  4- 6 || total
-------------------------+-------+-------++-------
Melee: War axe           |    82 |    39 ||   121
  Use: Scroll            |     1 |     1 ||     2
Armor: Scale mail        |    51 |     8 ||    59
       Ring mail         |       |     9 ||     9
Dodge: Dodged            |    43 |    19 ||    62
Block: Buckler           |    26 |     7 ||    33

Table legend: (Time is in decaauts)
 A = Elapsed time spent in this place.
 B = Non-inter-level travel time spent in this place.
 C = Inter-level travel time spent in this place.
 D = Time resting spent in this place.
 E = Time spent auto-exploring this place.
 F = Levels seen in this place.
 G = Mean time per level.
                   A        B        C        D        E       F      G
               +--------+--------+--------+--------+--------+-----+--------+
         Total |   2602 |   2594 |      8 |    337 |   1931 |   2 | 1301.0 |
       Dungeon |   2602 |   2594 |      8 |    337 |   1931 |   2 | 1301.0 |
               +--------+--------+--------+--------+--------+-----+--------+

Top non-repeatable levels by time:
     D:2: 1687 daAuts
     D:1: 915 daAuts
